 Dungeon Crawl Stone Soup version 0.29-a0-490-g77b3608bb8 (webtiles) character file.

Game seed: 18359846535123320344

5597 happo123 the Covert (level 11, -5/66 HPs)
             Began as a Kobold Enchanter on May 26, 2022.
             Was an Elder of Dithmenos.
             Slain by a troll (10 damage)
             ... on level 10 of the Dungeon.
             The game lasted 01:20:20 (10123 turns).

happo123 the Covert (Kobold Enchanter)             Turns: 10123, Time: 01:20:21

Health: -5/66      AC:  8    Str: 12    XL:     11   Next: 3%
Magic:  10/21      EV: 17    Int: 21    God:    Dithmenos [****..]
Gold:   246        SH:  0    Dex: 13    Spells: 13/24 levels left

rFire   + . .      SeeInvis .   K - +11 arbalest "Fuiqai" {venom, rN+ Str+6 Dex-2}
rCold   x . .      Faith    .   (shield currently unavailable)
rNeg    + + .      Spirit   .   T - +0 steam dragon scales
rPois   .          Reflect  .   p - +0 helmet
rElec   .          Harm     .   M - +0 cloak
rCorr   .          Rampage  .   (no gloves)
Will    .....                   i - +0 pair of boots
Stlth   ++++++++..              t - amulet of regeneration
HPRegen 1.01/turn               k - ring of fire
MPRegen 0.17/turn               J - ring of positive energy

@: wreathed by umbra
A: small, no large weapons, nightstalker 3, mutation resistance 1
a: Renounce Religion, Shadow Step


You were on level 10 of the Dungeon.
You worshipped Dithmenos.
Dithmenos was greatly pleased with you.
You visited 2 branches of the dungeon, and saw 11 of its levels.
You also visited: Sewer.

You collected 535 gold pieces.
You spent 289 gold pieces at shops.

Inventory:

Hand Weapons
 m - a +1 vorpal falchion
 s - a +0 vampiric dagger
 u - a +3 hand axe
 I - a +2 dagger of speed
 K - the +11 arbalest "Fuiqai" (weapon) {venom, rN+ Str+6 Dex-2}
   (You bought it in a shop on level 5 of the Dungeon)

   Any ammunition fired from it poisons the flesh of those it strikes.
   Str:       It affects your strength (+6).
   Dex:       It affects your dexterity (-2).
   rN:        It protects you from negative energy.
Armour
 i - a +0 pair of boots (worn)
 p - a +0 helmet (worn)
 G - a +0 crystal plate armour
 M - a +0 cloak (worn)
 O - a +2 ring mail of fire resistance
 T - +0 steam dragon scales (worn)
Magical Staves
 q - a staff of cold
 W - a staff of conjuration
Jewellery
 k - a ring of fire (left hand)
 t - an amulet of regeneration (around neck)
 A - a ring of resist corrosion
 D - an amulet of faith
 J - a ring of positive energy (right hand)
 V - an amulet of the acrobat
Wands
 E - a wand of paralysis (3)
 H - a wand of flame (8)
 U - a wand of iceblast (4)
Scrolls
 b - a scroll of magic mapping {unknown}
 d - a scroll of blinking {unknown}
 g - 2 scrolls of enchant armour {unknown}
 h - a scroll of vulnerability {unknown}
 l - a scroll of fear {unknown}
 n - 2 scrolls of identify
 o - a scroll of fog {unknown}
 v - 3 scrolls of silence
 x - a scroll of immolation {unknown}
 y - 3 scrolls of teleportation
 F - 3 scrolls of poison
 N - a scroll of summoning {unknown}
 Q - a scroll of noise {unknown}
Potions
 a - a potion of flight {unknown}
 c - 2 potions of invisibility
 e - a potion of attraction {unknown}
 f - 5 potions of curing
 j - a potion of berserk rage {unknown}
 r - 6 potions of heal wounds
 w - 2 potions of degeneration {unknown}
 z - 3 potions of cancellation
 B - 2 potions of ambrosia {unknown}
 C - 2 potions of lignification
 L - a potion of haste {unknown}
 P - a potion of mutation
 R - a potion of might
 S - 2 potions of magic {unknown}


   Skills:
 + Level 6.6 Fighting
 - Level 5.4 Short Blades
 + Level 6.1 Crossbows
 + Level 7.8 Dodging
 + Level 9.7 Stealth
 * Level 7.2 Spellcasting
 + Level 6.8 Hexes
 + Level 2.6 Invocations


You had 13 spell levels left.
You knew the following spells:

 Your Spells              Type           Power      Damage    Failure   Level
a - Ensorcelled Hibernat  Hex/Ice        44%        N/A       3%          2
b - Tukima's Dance        Hex            36%        N/A       1%          3
c - Dazzling Flash        Conj/Hex       44%        N/A       6%          3
d - Confusing Touch       Hex            36%        N/A       1%          3

Your spell library contained the following spells:

 Spells                   Type           Power      Damage    Failure   Level
 Poisonous Vapours        Pois/Air       14%        N/A       13%         2
 Frozen Ramparts          Ice            14%        1d3       26%         3
 Gell's Gravitas          Tloc           7%         N/A       26%         3
 Lesser Beckoning         Tloc           7%         N/A       26%         3
 Teleport Other           Tloc           7%         N/A       26%         3
 Animate Dead             Necr           7%         N/A       65%         4
 Corpse Rot               Necr/Pois/Air  7%         N/A       65%         4
 Ice Form                 Ice/Tmut       7%         N/A       65%         4
 Summon Ice Beast         Ice/Summ       7%         N/A       65%         4
 Summon Lightning Spire   Summ/Air       7%         N/A       65%         4
 Borgnjor's Vile Clutch   Necr/Erth      3%         N/A       94%         5
 Summon Forest            Summ/Tloc      3%         N/A       94%         5
 Death Channel            Necr           3%         N/A       100%        6
 Eringya's Noxious Bog    Tmut/Pois      3%         N/A       100%        6
 Storm Form               Tmut/Air       3%         N/A       100%        7
 Summon Hydra             Summ           3%         N/A       100%        7
 Maxwell's Capacitive Co  Air            3%         ∞         100%        8


Dungeon Overview and Level Annotations

Branches:
Dungeon (10/15)            Temple (1/1) D:4           Sewer (visited)
   Lair: D:8-11         Orc: D:9-12

Altars:
Ashenzari
Cheibriados
Dithmenos
Elyvilon
Fedhas
Gozag
Hepliaklqana
Kikubaaqudgha
Makhleb
Nemelex Xobeh
Okawaru
Qazlal
Ru
Sif Muna
Trog
Uskayaw
Vehumet
Wu Jian
Xom
Yredelemnul
Zin
The Shining One

Shops:
D:4 ?   D:5 ?*[   D:6 *   D:9 =


Innate Abilities, Weirdness & Mutations

You are small and have problems with some larger weapons.
You are completely attuned to the shadows.
You are somewhat resistant to further mutation.


Message History

The komodo dragon looks as sick as possible!
The komodo dragon is severely wounded.
The komodo dragon closely misses you.
Casting: Dazzling Flash (dangerous; 6% risk of failure)
Confirm with . or Enter, or press ? or * to list all spells.
Aiming: Ensorcelled Hibernation (safe; 3% risk of failure)
Press: ? - help, Shift-Dir - straight line, f - troll, p - komodo dragon
Aim: a troll (umbra, chance to affect: 54%)
The troll looks drowsy...
The komodo dragon closely misses you.
The +11 arbalest "Fuiqai" {venom, rN+ Str+6 Dex-2} stops dripping with poison.
Your hands tingle!
I - a +2 dagger of speed (weapon)
The komodo dragon bites you.
The troll shouts!
You feel stronger.
You feel clumsy.
The +11 arbalest "Fuiqai" {venom, rN+ Str+6 Dex-2} begins to drip with poison!
K - the +11 arbalest "Fuiqai" (weapon)
{venom, rN+ Str+6 Dex-2} The komodo dragon is no longer blind.
Casting: Ensorcelled Hibernation (safe; 3% risk of failure)
Confirm with . or Enter, or press ? or * to list all spells.
Casting: Dazzling Flash (dangerous; 6% risk of failure)
Press: ? - help, Dir - look around, f - activate Look: a troll (umbra, chance to dazzle: 52%)
The komodo dragon barely misses you. The troll bites you! The troll misses you.
The troll closely misses you.
Shoot: K) +11 arbalest "Fuiqai" {venom, rN+ Str+6 Dex-2}
Press: ? - help, Shift-Dir - straight line, f/p - troll
Aim: a troll (umbra, 72% to hit)
You shoot a bolt. The bolt hits the troll!!
The troll is poisoned.
The troll is heavily wounded.
The komodo dragon barely misses you. The troll bites you!
* * * LOW HITPOINT WARNING * * *
The troll closely misses you. The troll claws you.
* * * LOW HITPOINT WARNING * * *
The komodo dragon bites you!
* * * LOW HITPOINT WARNING * * *
The troll misses you. x3
The komodo dragon closely misses you. The troll bites you!
You die...

. ..
######...
....@l...
.....T)..
..)......
.........
...)[..##


You could see a komodo dragon (very poisoned) and a troll (very poisoned).

Vanquished Creatures
  Joseph (D:7)
  A kobold demonologist (D:9)
  Prince Ribbit (D:6)
  A shadow (D:9)
  5 yaks (D:9)
  2 wyverns
  A water moccasin (D:6)
  2 orc warriors (D:9)
  2 ogres (D:5)
  A centaur (D:8)
  A phantom (D:5)
  11 kobold brigands
  2 bullfrogs
  A necrophage (D:6)
  3 scorpions
  A wight (D:8)
  3 killer bees (D:9)
  3 howler monkeys (D:8)
  2 jellies
  2 hounds (D:5)
  9 orc priests
  Crazy Yiuf (D:6)
  An iguana (D:6)
  13 orc wizards
  Robin (D:2)
  A gnoll (D:1)
  13 adders
  6 river rats
  4 shadow imps
  A white imp (D:6)
  An ufetubus (D:4)
  4 worms
  A dart slug (D:1)
  37 orcs
  5 ball pythons
  11 bats
  6 endoplasms
  4 giant cockroaches
  14 goblins
  6 hobgoblins
  4 jackals (D:4)
  3 quokkas
  13 frilled lizards
  35 kobolds
  6 kobold skeletons (D:9)
  12 kobold zombies (D:9)
  18 rats
276 creatures vanquished.

Vanquished Creatures (collateral kills)
  Maggie (D:7)
  Eustachio (D:4)
2 creatures vanquished.

Vanquished Creatures (others)
  A dancing weapon (D:7)
  16 plants
17 creatures vanquished.

Grand Total: 295 creatures vanquished

Notes
Turn   | Place    | Note
-------+----------+-------------------------------------------
     0 | D:1      | happo123 the Kobold Enchanter began the quest for the Orb.
     0 | D:1      | Reached XP level 1. HP: 10/10 MP: 3/3
   219 | D:1      | Reached XP level 2. HP: 15/15 MP: 5/5
   313 | D:1      | Reached XP level 3. HP: 19/19 MP: 6/6
   463 | D:1      | Learned a level 2 spell: Ensorcelled Hibernation
   504 | D:1      | Found a faded altar of an unknown god.
   824 | D:2      | Noticed Robin
   841 | D:2      | Reached XP level 4. HP: 22/24 MP: 6/8
   843 | D:2      | Killed Robin
  1521 | D:2      | Learned a level 3 spell: Tukima's Dance
  1745 | D:3      | Reached XP level 5. HP: 28/28 MP: 9/9
  1773 | D:3      | Reached skill level 1 in Fighting
  1819 | D:3      | Reached skill level 5 in Stealth
  1940 | D:3      | You fall into a shaft and drop 3 floors!
  1958 | D:5      | Entered Level 5 of the Dungeon
  2049 | D:5      | Noticed an ogre
  2053 | D:5      | Killed an ogre
  2054 | D:5      | Reached XP level 6. HP: 35/35 MP: 10/10
  2320 | D:5      | Found a glowing drain.
  2326 | Sewer    | Entered a sewer
  2804 | D:5      | Reached XP level 7. HP: 38/40 MP: 9/12
  3163 | D:4      | Found a radiant altar of Vehumet.
  3208 | D:4      | Found Vuihaj's Magic Scroll Shoppe.
  3231 | D:4      | Bought a scroll of identify for 20 gold pieces
  3235 | D:4      | Learned a level 3 spell: Dazzling Flash
  3264 | D:4      | Noticed Eustachio
  3283 | D:4      | Killed Eustachio
  3881 | D:3      | Reached skill level 6 in Stealth
  4048 | D:4      | Found a glowing silver altar of Zin.
  4115 | D:4      | Reached XP level 8. HP: 46/46 MP: 13/13
  4119 | D:4      | Learned a level 3 spell: Confusing Touch
  4260 | D:4      | Found a staircase to the Ecumenical Temple.
  4267 | Temple   | Entered the Ecumenical Temple
  4418 | Temple   | Became a worshipper of Dithmenos the Shadowed
  4477 | D:4      | Found a blossoming altar of Fedhas.
  4486 | D:4      | Found an ornate altar of the Wu Jian Council.
  4534 | D:5      | Found Jomiwash's Magic Scroll Shop.
  4538 | D:5      | Bought a scroll of identify for 22 gold pieces
  4547 | D:5      | Found Vyesymimn's Assorted Antiques.
  4568 | D:5      | Found Nieqylukh's Armour Shoppe.
  4733 | D:5      | Noticed a wyvern
  4737 | D:5      | Killed a wyvern
  4738 | D:5      | Reached skill level 5 in Dodging
  4740 | D:5      | Reached skill level 5 in Short Blades
  5949 | D:5      | Reached skill level 5 in Hexes
  6127 | D:5      | Bought a translucent arbalest for 247 gold pieces
  6127 | D:5      | Identified the +11 arbalest "Fuiqai" {venom, rN+ Str+6
                  | Dex-2} (You bought it in a shop on level 5 of the Dungeon)
  6154 | D:6      | Reached skill level 7 in Stealth
  6265 | D:6      | Found Vuimeosi's Assorted Antiques.
  6266 | D:6      | Noticed Prince Ribbit
  6273 | D:6      | Killed Prince Ribbit
  6274 | D:6      | Reached skill level 1 in Crossbows
  6274 | D:6      | Reached XP level 9. HP: 52/52 MP: 9/16
  6357 | D:6      | Reached skill level 5 in Spellcasting
  6700 | D:6      | Found a runed translucent door.
  6703 | D:6      | Noticed Crazy Yiuf
  6706 | D:6      | Killed Crazy Yiuf
  6706 | D:6      | Reached * piety under Dithmenos
  6915 | D:7      | Reached skill level 5 in Fighting
  6974 | D:7      | Gained mutation: You tend to lose your temper in combat.
                  | [potion of mutation]
  6974 | D:7      | Gained mutation: Your flesh is heat resistant. (rF+)
                  | [potion of mutation]
  6975 | D:7      | Lost mutation: You tend to lose your temper in combat.
                  | [potion of mutation]
  6975 | D:7      | Lost mutation: Your flesh is heat resistant. (rF+) [potion
                  | of mutation]
  6975 | D:7      | Gained mutation: You occasionally shout uncontrollably at
                  | your foes. [potion of mutation]
  6975 | D:7      | Gained mutation: You sometimes lose the ability to read
                  | scrolls when taking damage. [potion of mutation]
  6976 | D:7      | Lost mutation: You occasionally shout uncontrollably at
                  | your foes. [potion of mutation]
  6976 | D:7      | Lost mutation: You sometimes lose the ability to read
                  | scrolls when taking damage. [potion of mutation]
  6976 | D:7      | Gained mutation: You are somewhat resistant to further
                  | mutation. [potion of mutation]
  7123 | D:7      | Noticed Joseph
  7140 | D:7      | HP: 2/50 [Joseph/sling bullet (14)]
  7145 | D:7      | Killed Joseph
  7146 | D:7      | Reached skill level 8 in Stealth
  7412 | D:7      | Found a glowing golden altar of the Shining One.
  7421 | D:7      | Found a burning altar of Makhleb.
  7498 | D:7      | Noticed Maggie
  7503 | D:7      | Killed Maggie
  7504 | D:7      | Reached XP level 10. HP: 59/59 MP: 14/18
  8125 | D:8      | Found a bloodstained altar of Trog.
  8442 | D:8      | Upgraded the game from 0.29-a0-483-g69413ace17 to
                  | 0.29-a0-490-g77b3608bb8
  8712 | D:9      | Reached skill level 5 in Crossbows
  8730 | D:9      | Reached ** piety under Dithmenos
  8731 | D:9      | Reached skill level 9 in Stealth
  8736 | D:9      | Reached skill level 1 in Invocations
  8800 | D:9      | Found Tepotwi's Jewellery Shop.
  9642 | D:9      | Reached *** piety under Dithmenos
  9651 | D:9      | Noticed a kobold demonologist
  9658 | D:9      | Killed a kobold demonologist
  9815 | D:9      | Found an ancient bone altar of Kikubaaqudgha.
  9977 | D:10     | Entered Level 10 of the Dungeon
 10013 | D:9      | Reached XP level 11. HP: 66/66 MP: 7/21
 10109 | D:9      | Reached **** piety under Dithmenos
 10123 | D:10     | Slain by a troll

Illustrated notes

Levels and vault maps discovered:
D:1:      elethiomel_arrival_shortcut, layout_basic,
          chequers_ecumenical_altar_grove, minmay_vboxes
D:2:      layout_loops_ring, serial_bayou_crossing, uniq_robin
D:3:      layout_basic
D:4:      layout_cave_pools, zin_academy, nicolae_vehumet_radiance,
          amethyst_overflow_temple_binary, temple_pool_b, serial_shops,
          nicolae_shop_hallway_plus, uniq_eustachio
D:5:      layout_loops_ring, gup_sewer_entry_bubbles, serial_bayou,
          serial_bayou_lagoon_a, serial_bayou_shore_a, serial_bayou_lake_a,
          serial_bayou_lagoon_b, serial_shops, nicolae_shop_trees,
          nicolae_stop_n_shop_1, shop, minmay_small_thing
D:6:      layout_rooms, serial_shops, nicolae_shop_advertising_works
          [nicolae_subvault_shop_adworks], st_stairs_1,
          minmay_a_box_with_orc_wizards_in_it, uniq_crazy_yiuf_cottage,
          uniq_prince_ribbit1
D:7:      layout_loops_cross, mainiacjoe_overflow_swirl, dk_noncrumbling_3,
          lemuel_old_faithful, uniq_maggie, uniq_joseph
D:8:      layout_basic, lightli_temple_of_fire, minmay_misc_feat_rugged
D:9:      wander_kiku_kobolds, layout_basic, serial_shops, nicolae_diamond_shop
D:10:     layout_small_grid, erik_lair_island, orc_0_dummy, uniq_josephine
Temple:   regret_index_temple_waves

Skill      XL: |  1  2  3  4  5  6  7  8  9 10 |
---------------+-------------------------------+-----
Short Blades   | 2 3 4 5 |  5.4
Dodging        | 3 4 5 6 7 |  7.8
Fighting       | 1 2 3 4 5 6 |  6.6
Spellcasting   | 3 4 5 7 |  7.2
Stealth        | 5 6 7 8 9 |  9.7
Hexes          | 4 5 6 |  6.8
Crossbows      | 1 4 6 |  6.1
Invocations    | 2 |  2.6

Action                   |  1- 3 |  4- 6 |  7- 9 | 10-12 || total
-------------------------+-------+-------+-------+-------++-------
Melee: Dagger            |    52 |   156 |   146 |    29 ||   383
       Punch             |       |     2 |       |       ||     2
 Fire: Arbalest          |       |       |    51 |   139 ||   190
 Cast: Ensorcelled Hiber |     1 |    27 |    63 |    35 ||   126
       Tukima's Dance    |       |       |     5 |     1 ||     6
       Dazzling Flash    |       |       |       |     5 ||     5
  Use: Scroll            |       |       |     6 |     2 ||     8
       Potion            |       |       |     5 |     1 ||     6
 Stab: Sleeping          |    21 |    43 |    55 |    17 ||   136
       Distracted        |       |       |       |     1 ||     1
       Invisible         |       |       |       |     1 ||     1
Armor: Robe              |     9 |    34 |    20 |       ||    63
       Steam dragon scal |       |       |       |    20 ||    20
Dodge: Dodged            |    32 |   127 |   110 |   100 ||   369

Table legend: (Time is in decaauts)
 A = Elapsed time spent in this place.
 B = Non-inter-level travel time spent in this place.
 C = Inter-level travel time spent in this place.
 D = Time resting spent in this place.
 E = Time spent auto-exploring this place.
 F = Levels seen in this place.
 G = Mean time per level.
                   A        B        C        D        E       F      G
               +--------+--------+--------+--------+--------+-----+--------+
         Total |  10418 |   7927 |   2491 |    721 |   4816 |  12 |  868.2 |
       Dungeon |   9711 |   7251 |   2460 |    595 |   4621 |  10 |  971.1 |
        Temple |    178 |    147 |     31 |      0 |    130 |   1 |  178.0 |
         Sewer |    529 |    529 |      0 |    126 |     63 |   1 |  529.0 |
               +--------+--------+--------+--------+--------+-----+--------+

Top non-repeatable levels by time:
     D:5: 2199 daAuts
     D:9: 1560 daAuts
     D:2: 970 daAuts
     D:8: 969 daAuts
     D:3: 842 daAuts
     D:7: 832 daAuts
     D:4: 801 daAuts
     D:6: 776 daAuts
     D:1: 728 daAuts
   Sewer: 529 daAuts
  Temple: 178 daAuts
    D:10: 28 daAuts
